 Dungeon Crawl Stone Soup version 0.27-a0-1528-g90fbb72469 (webtiles) character file.

Game seed: 10108514234443968510

11203 Morbidden the Thaumaturge (level 12, -3/84 HPs)
             Began as a Djinni Fire Elementalist on July 11, 2021.
             Was a Follower of Makhleb.
             Slain by a shadow (19 damage)
             ... on level 11 of the Dungeon.
             The game lasted 00:20:36 (14985 turns).

Morbidden the Thaumaturge (DjFE)                   Turns: 14985, Time: 00:20:37

Health: -3/84      AC: 15    Str: 11    XL:     12   Next: 4%
Gold:   551        EV: 29    Int: 19    God:    Makhleb [*.....] SH:  0 Dex: 19

rFire    + + +     SeeInvis .   a - +7 mace of Yeast {vorpal, rElec rF+ rN+}
rCold    x . .     Faith    .   (no shield)
rNeg     + . .     Spirit   .   y - +0 acid dragon scales
rPois    ∞         Reflect  .   s - +0 helmet
rElec    +         Harm     .   H - +0 cloak
rCorr    +         Rampage  .   K - +1 pair of gloves
Will     +....                  (boots unavailable)
Stlth    ++........             i - amulet of the acrobat
HPRegen  0.24/turn              q - +6 ring of dexterity
MPRegen  0.00/turn              r - +4 ring of protection

@: acrobatic, flying
A: sickness immunity, fire resistance 2, cold vulnerability 1, float, innate
caster, hp casting, extra vitality 1
a: Renounce Religion


You were on level 11 of the Dungeon.
You worshipped Makhleb.
Makhleb was aware of your devotion.
You visited 2 branches of the dungeon, and saw 12 of its levels.

You collected 551 gold pieces.

Inventory:

Hand Weapons
 a - the +7 mace of Yeast (weapon) {vorpal, rElec rF+ rN+}
   (You found it on level 7 of the Dungeon)

   It inflicts extra damage upon your enemies.
   rF:        It protects you from fire.
   rElec:     It insulates you from electricity.
   rN:        It protects you from negative energy.
 G - a +4 morningstar
Missiles
 d - 34 poisoned darts (quivered)
 t - 5 javelins
Armour
 s - a +0 helmet (worn)
 y - +0 acid dragon scales (worn)
 H - a +0 cloak (worn)
 K - a +1 pair of gloves (worn)
Jewellery
 i - an amulet of the acrobat (around neck)
 q - a +6 ring of dexterity (left hand)
 r - a +4 ring of protection (right hand)
Wands
 h - a wand of paralysis (4)
 p - a wand of flame (21)
 J - a wand of charming (9)
Scrolls
 b - a scroll of silence {unknown}
 f - 4 scrolls of magic mapping {unknown}
 g - a scroll of blinking {unknown}
 j - a scroll of enchant armour {unknown}
 k - 4 scrolls of identify {unknown}
 l - a scroll of fog {unknown}
 o - 2 scrolls of amnesia {unknown}
 u - 2 scrolls of noise {unknown}
 v - 3 scrolls of vulnerability {unknown}
 A - 2 scrolls of fear {unknown}
 E - a scroll of immolation
 F - 3 scrolls of teleportation {unknown}
 I - a scroll of enchant weapon {unknown}
 L - a scroll of acquirement {unknown}
Potions
 c - 4 potions of curing
 e - 2 potions of heal wounds
 m - 3 potions of lignification {unknown}
 n - a potion of haste {unknown}
 w - a potion of flight {unknown}
 x - a potion of invisibility {unknown}
 z - a potion of berserk rage {unknown}
 B - a potion of attraction {unknown}
 C - 3 potions of mutation {unknown}
 D - 2 potions of brilliance {unknown}
Miscellaneous
 M - a phantom mirror


   Skills:
 * Level 6.3 Fighting
 + Level 2.4 Maces & Flails
 + Level 3.3 Armour
 * Level 5.2 Dodging
 + Level 3.7 Stealth
 * Level 11.8 Spellcasting
 * Level 2.1 Invocations


You had 4 spell levels left.
You knew the following spells:

 Your Spells              Type           Power      Damage    Failure   Level
a - Foxfire               Conj/Fire      100%       2x1d9     1%          1
b - Sticky Flame          Conj/Fire      54%        2d7       1%          4
c - Inner Flame           Hex/Fire       54%        N/A       1%          3
d - Conjure Flame         Conj/Fire      54%        6-21      1%          3
f - Beastly Appendage     Tmut           100%       N/A       1%          1
g - Blink                 Tloc           N/A        N/A       1%          2
h - Lesser Beckoning      Tloc           27%        N/A       1%          3
i - Silence               Hex/Air        27%        N/A       1%          5
x - Fireball              Conj/Fire      27%        3d12      1%          5
z - Call Canine Familiar  Summ           54%        N/A       1%          3
Your spell library was empty.

Dungeon Overview and Level Annotations

Branches:
Dungeon (11/15)            Temple (1/1) D:5            Lair (0/6) D:9
    Orc: D:9-12

Altars:
Ashenzari
Cheibriados
Dithmenos
Gozag
Kikubaaqudgha
Makhleb
Okawaru
Sif Muna
Uskayaw
Vehumet
Wu Jian
Yredelemnul
Zin
The Shining One

Shops:
D:2 [   D:7 :

Annotations:
D:9 1 runed translucent door, Kinoniko's ghost, novice PaFi
D:11 4 runed translucent doors


Innate Abilities, Weirdness & Mutations

You are immune to sickness and miasma.
You are immune to poison.
Your flesh is very heat resistant. (rF++)
You are vulnerable to cold. (rC-)
You float through the air rather than walking.
You learn spells naturally, not from books.
Your magical power is your life essence.
You have superior vitality. (+4 HP)


Message History

You conjure some foxfire!
The foxfire hits something.
The foxfire hits something but does no damage.
Casting: Foxfire (safe; 1% risk of failure)
Confirm with . or Enter, or press ? or * to list all spells.
You conjure some foxfire!
The foxfire hits something.
The foxfire hits something but does no damage.
The shadow strikes at you from the darkness!
* * * LOW HITPOINT WARNING * * *
Reactivating autopickup.
Unknown command.
Unknown command.
Casting: Foxfire (safe; 1% risk of failure)
Confirm with . or Enter, or press ? or * to list all spells.
Aiming: Fireball (dangerous; 1% risk of failure)
Press: ? - help, Shift-Dir - straight line
Okay, then.
Unknown command.
Casting: Fireball (dangerous; 1% risk of failure)
Confirm with . or Enter, or press ? or * to list all spells.
Aiming: Inner Flame (safe; 1% risk of failure)
Press: ? - help, Shift-Dir - straight line, f - shadow
Aim: a shadow (heavily damaged, chance to affect: 86%)
The shadow is filled with an inner flame.
* * * LOW HITPOINT WARNING * * *
The shadow hits you.
* * * LOW HITPOINT WARNING * * *
Unknown command.
Unknown command.
Unknown command.
Unknown command.
Okay, then.
Unknown command.
There is an open door here.
The shadow slips into darkness.
The shadow flickers and vanishes!
Deactivating autopickup; reactivate with Ctrl-A.
The shadow strikes at you from the darkness!
You die...

######## ##########
#......####........#
#......##..........#
#......#<.#........#
+......#.##........#
#......'.##........#
#......####........#
#......# #........#
#......# ####@######
####)### #......# #.##
######'## #.)# #......<#
#######'## ###.......#
#.....).[# ###.'.......#
#........###...#.......#
'........##..###.......#
.........'..## #.......#


There were no monsters in sight!

Vanquished Creatures
  2 hydras
  5 two-headed ogres
  A manticore (D:11)
  A gargoyle (D:11)
  An unseen horror (D:11)
  Maggie (D:8)
  A shadow (D:10)
  2 wyverns
  12 yaks
  5 humans
  2 basilisks
  2 water moccasins
  2 orc warriors
  2 black bears
  A sky beast (D:7)
  An ice beast (D:5)
  An ogre (D:7)
  5 centaurs
  A kobold brigand (D:9)
  2 bullfrogs (D:7)
  3 wights
  A centaur zombie (D:9)
  Crazy Yiuf (D:7)
  5 orc priests
  3 hounds
  A jelly (D:5)
  3 iguanas
  7 orc wizards
  2 killer bee zombies (D:8)
  Robin (D:4)
  4 gnolls (D:3)
  5 adders
  A shadow imp (D:7)
  2 white imps (D:5)
  2 ufetubi
  An adder skeleton (D:4)
  2 dart slugs
  26 orcs
  6 endoplasms
  14 goblins
  9 hobgoblins
  4 jackals
  6 quokkas
  8 ball pythons
  7 bats
  5 frilled lizards
  11 kobolds
  5 rats
195 creatures vanquished.

Vanquished Creatures (others)
  749 foxfires
  A fungus (D:7)
750 creatures vanquished.

Grand Total: 945 creatures vanquished

Notes
Turn   | Place    | Note
-------+----------+-------------------------------------------
     0 | D:1      | Morbidden the Djinni Fire Elementalist began the quest for
                  | the Orb.
     0 | D:1      | Reached XP level 1. HP: 15/15 MP: 0/0
   566 | D:1      | Reached XP level 2. HP: 18/21 MP: 0/0
   631 | D:1      | Found a faded altar of an unknown god.
  1166 | D:1      | Reached XP level 3. HP: 13/26 MP: 0/0
  1166 | D:1      | Learned a level 1 spell: Beastly Appendage
  1329 | D:1      | Reached skill level 3 in Spellcasting
  1380 | D:1      | Reached skill level 1 in Fighting
  2133 | D:2      | Found Eruckuf's Antique Armour Shoppe.
  2251 | D:2      | Reached XP level 4. HP: 30/32 MP: 0/0
  3177 | D:3      | Reached XP level 5. HP: 26/37 MP: 0/0
  3177 | D:3      | Learned a level 2 spell: Blink
  3848 | D:3      | Reached skill level 4 in Spellcasting
  4915 | D:4      | Noticed Robin
  5198 | D:4      | Killed Robin
  5199 | D:4      | Reached XP level 6. HP: 32/42 MP: 0/0
  5575 | D:4      | Found a snail-covered altar of Cheibriados.
  5800 | D:5      | Entered Level 5 of the Dungeon
  6235 | D:5      | Reached skill level 5 in Spellcasting
  6235 | D:5      | Reached XP level 7. HP: 18/49 MP: 0/0
  6235 | D:5      | Learned a level 3 spell: Lesser Beckoning
  6812 | D:5      | HP: 1/49 [orc priest/divine providence (12)]
  7246 | D:5      | Found a staircase to the Ecumenical Temple.
  7328 | Temple   | Entered the Ecumenical Temple
  7355 | Temple   | Became a worshipper of Makhleb the Destroyer
  7518 | D:6      | Noticed a human
  7532 | D:6      | Noticed a human
  7804 | D:6      | Noticed a human
  7808 | D:6      | Killed a human
  7809 | D:6      | Reached XP level 8. HP: 14/55 MP: 0/0
  7809 | D:6      | Noticed a human
  7875 | D:5      | Killed a human
  7876 | D:5      | Reached skill level 6 in Spellcasting
  8166 | D:6      | Killed a human
  8197 | D:6      | Killed a human
  8201 | D:6      | Noticed a human
  8463 | D:6      | Noticed a five-headed hydra
  8468 | D:6      | Reached skill level 7 in Spellcasting
  8480 | D:5      | Killed a five-headed hydra
  8481 | D:5      | Reached skill level 8 in Spellcasting
  8481 | D:5      | Reached XP level 9. HP: 7/62 MP: 0/0
  8481 | D:5      | Learned a level 3 spell: Call Canine Familiar
  9830 | D:7      | Reached skill level 9 in Spellcasting
 10063 | D:7      | You are sucked into a shaft and drop 1 floor!
 10072 | D:8      | Reached XP level 10. HP: 30/69 MP: 0/0
 10088 | D:8      | Noticed Maggie
 10097 | D:8      | Killed Maggie
 10733 | D:8      | Noticed a two-headed ogre
 10742 | D:8      | Killed a two-headed ogre
 10743 | D:8      | Reached skill level 10 in Spellcasting
 11159 | D:7      | Found a runed translucent door.
 11165 | D:7      | Identified the +7 mace of Yeast {vorpal, rElec rF+ rN+}
 11180 | D:7      | Noticed Crazy Yiuf
 11299 | D:7      | Found Riremu Cidd's Book Shop.
 11353 | D:7      | Identified the +4 falchion of Valour {elec, Fly}
 11699 | D:7      | Killed Crazy Yiuf
 11705 | D:7      | Identified the +6 mace "Ohuf" {venom, rF+ rC- Will+}
 11866 | D:9      | Reached skill level 5 in Fighting
 12107 | D:9      | Reached * piety under Makhleb
 12108 | D:9      | Reached skill level 1 in Maces & Flails
 12108 | D:9      | Reached skill level 1 in Armour
 12111 | D:9      | Reached XP level 11. HP: 44/76 MP: 0/0
 12111 | D:9      | Learned a level 5 spell: Silence
 12342 | D:9      | Found a staircase to the Lair.
 12570 | D:9      | Noticed a two-headed ogre
 12576 | D:9      | Killed a two-headed ogre
 12577 | D:9      | Reached skill level 11 in Spellcasting
 12699 | D:9      | Found a runed translucent door.
 12704 | D:9      | Noticed Kinoniko's ghost (novice PaFi)
 12830 | D:10     | Entered Level 10 of the Dungeon
 13130 | D:10     | Noticed a two-headed ogre
 13142 | D:10     | Killed a two-headed ogre
 13295 | D:10     | Identified the +3 kite shield of the Bells {MP+9 Str+2
                  | Dex-4}
 13539 | D:10     | Noticed a seven-headed hydra
 13556 | D:10     | Killed a seven-headed hydra
 13557 | D:10     | Reached skill level 1 in Invocations
 13786 | D:10     | Noticed a two-headed ogre
 13792 | D:10     | Killed a two-headed ogre
 14332 | D:11     | Found a large runed translucent door.
 14337 | D:11     | Found a large runed translucent door.
 14337 | D:11     | Noticed a deep elf pyromancer
 14346 | D:11     | Found a large runed translucent door.
 14346 | D:11     | Found a large runed translucent door.
 14409 | D:11     | Noticed a two-headed ogre
 14424 | D:11     | Killed a two-headed ogre
 14425 | D:11     | Reached skill level 5 in Dodging
 14682 | D:11     | Noticed a manticore
 14691 | D:11     | Killed a manticore
 14763 | D:11     | Reached XP level 12. HP: 45/83 MP: 0/0
 14985 | D:11     | Slain by a shadow

Illustrated notes

Levels and vault maps discovered:
D:1:      dpeg_arrival_line_fractal, layout_basic,
          shapermc_ecumenical_altar_mp_vishouse, kennysheep_decorative_pillar
D:2:      layout_loops_cross, serial_shops, shop
D:3:      layout_basic, st_stairs_12
D:4:      layout_basic, slow_altar_2, uniq_robin
D:5:      layout_cave_pools, minmay_temple_entry_hall
D:6:      layout_rooms, minmay_ruffians
D:7:      layout_basic, serial_shops, nicolae_shop_waterfront,
          uniq_crazy_yiuf_cottage
D:8:      layout_cave_pools, uniq_maggie
D:9:      layout_basic, david_lair_generic, ebering_ghost_inner_flame
D:10:     layout_rooms
D:11:     layout_roguey, orc_0_dummy, minmay_hollow_rounded_squares
Temple:   nicolae_temple_the_god_donut

Skill      XL: |  1  2  3  4  5  6  7  8  9 10 11 |
---------------+----------------------------------+-----
Spellcasting   | 3 4 5 8 9 10 11 | 11.8
Fighting       | 1 2 3 4 5 6 |  6.3
Stealth        | 2 3 |  3.7
Dodging        | 3 4 5 |  5.2
Maces & Flails | 1 2 |  2.4
Armour         | 1 3 |  3.3
Invocations    | 2 |  2.1

Action                   |  1- 3 |  4- 6 |  7- 9 | 10-12 || total
-------------------------+-------+-------+-------+-------++-------
Melee: Unarmed           |     2 |       |       |       ||     2
       Morningstar       |       |       |     3 |     6 ||     9
       Mace              |       |       |       |    19 ||    19
 Cast: Foxfire           |    83 |   175 |    89 |    88 ||   435
       Conjure Flame     |       |     4 |     3 |       ||     7
       Inner Flame       |       |     3 |    22 |    22 ||    47
       Sticky Flame      |       |       |     9 |    13 ||    22
       Call Canine Famil |       |       |     1 |     1 ||     2
       Fireball          |       |       |       |    22 ||    22
  Use: Potion            |       |       |     2 |       ||     2
Armor: Robe              |     6 |     9 |    13 |     1 ||    29
       Acid dragon scale |       |       |       |    27 ||    27
Dodge: Dodged            |    20 |    63 |    73 |    45 ||   201

Table legend: (Time is in decaauts)
 A = Elapsed time spent in this place.
 B = Non-inter-level travel time spent in this place.
 C = Inter-level travel time spent in this place.
 D = Time resting spent in this place.
 E = Time spent auto-exploring this place.
 F = Levels seen in this place.
 G = Mean time per level.
                   A        B        C        D        E       F      G
               +--------+--------+--------+--------+--------+-----+--------+
         Total |  15004 |  14487 |    517 |   2877 |   9800 |  12 | 1250.3 |
       Dungeon |  14964 |  14457 |    507 |   2877 |   9780 |  11 | 1360.4 |
        Temple |     39 |     29 |     10 |      0 |     20 |   1 |   39.0 |
               +--------+--------+--------+--------+--------+-----+--------+

Top non-repeatable levels by time:
     D:5: 2345 daAuts
     D:1: 2035 daAuts
     D:3: 2030 daAuts
    D:10: 1408 daAuts
     D:4: 1384 daAuts
     D:7: 1265 daAuts
     D:6: 992 daAuts
     D:9: 977 daAuts
     D:2: 929 daAuts
     D:8: 843 daAuts
    D:11: 752 daAuts
  Temple: 39 daAuts
